 Dungeon Crawl Stone Soup version 0.18-a0-486-gab6c0bd (webtiles) character file.

478 HandofTrog the Skirmisher (level 6, 68/68 HPs)
             Began as a Troll Monk on Dec 2, 2015.
             Got out of the dungeon alive.
             The game lasted 00:09:23 (2744 turns).

HandofTrog the Skirmisher (Troll Monk)              Turns: 2744, Time: 00:09:24

Health: 68/68      AC:  6    Str: 22    XL:     6   Next: 86%
Magic:  5/5        EV: 10    Int:  6    God:
Gold:   94         SH:  0    Dex: 12    Spells: 0 memorised, 5 levels left

rFire  . . .     SeeInvis .       - Unarmed
rCold  . . .     Clarity  .     a - +0 robe
rNeg   . . .     SustAt   .     (no shield)
rPois  .         Gourm    +     (helmet restricted)
rElec  .         Spirit   .     k - +0 cloak
rCorr  .         Dismiss  .     (gloves unavailable)
rMut   .         Stasis   .     (boots unavailable)
MR     .....                    (no amulet)
Stlth  +.........               (no ring)
                                (no ring)

@: not resistant to hostile enchantments, very unstealthy
A: unfitting armour, claws 3, fast metabolism 3, gourmand, regeneration 2,
shaggy fur 1, tough skin 2
a: no special abilities


You escaped.
You were very full.

You visited 1 branch of the dungeon, and saw 3 of its levels.

You collected 94 gold pieces.

Inventory:

Missiles
 u - 2 throwing nets (quivered)
Armour
 a - a +0 robe (worn)
 k - a +0 cloak (worn)
Wands
 e - a wand of teleportation (2)
 p - a wand of flame (4)
 q - a wand of flame (19)
Scrolls
 c - 5 scrolls of remove curse {unknown}
 d - a scroll of amnesia {unknown}
 f - 2 scrolls of identify {unknown}
 g - a scroll of random uselessness {unknown}
 i - a scroll of immolation {unknown}
 r - a scroll of fear {unknown}
Potions
 j - a potion of brilliance {unknown}
 o - a potion of flight {unknown}
 s - a potion of haste {unknown}
Comestibles
 b - 4 bread rations
 l - a beef jerky
 m - 2 meat rations


   Skills:
 + Level 6.5 Fighting
 - Level 2.4 Dodging
 - Level 1.1 Stealth
 - Level 4.0 Unarmed Combat


You had 5 spell levels left.
You didn't know any spells.

Dungeon Overview and Level Annotations

Branches:
Dungeon (3/15)

Altars:
Dithmenos
Gozag
Vehumet

Shops:
D:2 *


Innate Abilities, Weirdness & Mutations

You are too large for most types of armour.
You have claws for hands.
Your metabolism is lightning-fast.
You like to eat raw meat.
You heal very quickly.
You are covered in fur (AC +1).
You have very tough skin (AC +2).


Message History

This raw flesh tastes great.
You continue eating. x2
Eating a chunk of flesh.
This raw flesh tastes great.
You continue eating. x2
You are no longer glowing.
You start resting.
HP restored.
There is a stone staircase leading down here.
Save game and exit?
Welcome back, HandofTrog the Troll Monk.
Press ? for a list of commands and other information.
There is a stone staircase leading up here.
You climb upwards.
There is a stone staircase leading down here.
Number of times to repeat, then command key: You must enter the number of times for the command to repeat.
There is an open door here.
There is a staircase leading out of the dungeon here.
Are you sure you want to leave the Dungeon?
This will make you lose the game!
You have escaped!

### ..########
################# ..>......#
#..+.#..........# #.######.#
#.##.##.#.#####.# #.# #.#
#.##.##.#.# #.# #.### #.#
#.##.##.#.# #># ....####.#
#..#.##...# #.#
#.#...##.###..'.@#.### #.#
.............##.##.### #.#
............#.#.#....#####.#
.......###....#.##.........#
.#.#..........#.####.#######
...#.#.###....+.# #.#
.#.#.#.# ##.#.### #.#
.#.#.#.# #.#..## #.#
##.#.#.# #.#...# ##.####


There were no monsters in sight!

Vanquished Creatures
  2 gnoll shamans
  Ijyb (D:2)
  Jessica (D:3)
  Terence (D:3)
  5 adders
  21 gnolls
  An ooze (D:1)
  2 worms
  4 giant geckos
  5 giant cockroaches
  9 hobgoblins
  14 jackals (D:3)
  5 kobolds
  3 quokkas
  A ball python (D:2)
  5 bats
  4 giant newts
  3 goblins
  A jackal skeleton (D:3)
  6 rats
94 creatures vanquished.

Notes
Turn   | Place    | Note
--------------------------------------------------------------
     0 | D:1      | HandofTrog the Troll Monk began the quest for the Orb.
     0 | D:1      | Reached XP level 1. HP: 22/22 MP: 0/0
   138 | D:1      | Reached XP level 2. HP: 29/29 MP: 1/1
   639 | D:2      | Reached XP level 3. HP: 32/37 MP: 2/2
   703 | D:2      | Found an opulent altar of Gozag.
   707 | D:2      | Found Gozag's Platinum Reserve.
  1084 | D:2      | Noticed Ijyb
  1096 | D:2      | Killed Ijyb
  1096 | D:2      | Reached XP level 4. HP: 17/48 MP: 3/3
  1436 | D:3      | Found a radiant altar of Vehumet.
  1436 | D:3      | Found a shadowy altar of Dithmenos.
  1723 | D:3      | Reached XP level 5. HP: 42/55 MP: 4/4
  1734 | D:3      | Reached skill level 5 in Fighting
  2151 | D:3      | Reached XP level 6. HP: 64/66 MP: 5/5
  2430 | D:3      | Noticed Terence
  2434 | D:3      | HP: 2/67 [gnoll/halberd (7)]
  2441 | D:3      | Reached skill level 6 in Fighting
  2448 | D:3      | Killed Terence
  2569 | D:3      | Noticed Jessica
  2573 | D:3      | Killed Jessica
  2744 | D:$      | Got out of the dungeon alive.

Vault maps used:
D:1:      minmay_arrival_three_doors
D:2:      nicolae_gozag_zags_fifth_avenue, uniq_iyjb
D:3:      lemuel_castle_with_subvaults, gammafunk_temple_overflow_statue,
          serial_forest, infiniplex_forest_clump_long,
          infiniplex_forest_clump_double, infiniplex_forest_straight_4,
          infiniplex_forest_lined_2, infiniplex_forest_clump_curved,
          infiniplex_forest_3_way, infiniplex_forest_end_2,
          infiniplex_forest_end_2, uniq_terence, uniq_jessica

Action                   |  1- 3 |  4- 6 || total
-------------------------+-------+-------++-------
Melee: Unarmed           |    90 |   210 ||   300
  Use: Potion            |       |     4 ||     4
 Stab: Sleeping          |     1 |     2 ||     3
  Eat: Chunk             |     6 |    20 ||    26
       Bread ration      |       |     1 ||     1
